Map: Ruins of Endion

Players

IIIIIIIIIIII - Winner!

  • Race: Terran Terran
  • League: Master

Miszu

  • Race: Protoss Protoss
  • League: Master

VOD

Have the link to the VOD?

Description

Time

  • Played on: July 1, 2016, 11:57 a.m.
  • Length: 11:53
Show
View Real Time Build Order
Export as new Build Order

IIIIIIIIIIII Terran - Winner!

Build Orders: MMM Bio 

Get SALT Encoding   

  12  0:00  SCV  
  13  0:13  SCV  
  14  0:18  Supply Depot  
  14  0:25  SCV  
  15  0:39  SCV  
  15  0:41  Barracks  
  16  0:45  Refinery  
  16  0:51  SCV  
  17  1:03  SCV  
  18  1:15  SCV  
  19  1:28  Orbital Command  
  19  1:29  Barracks Reactor  
  19  1:44  Command Center  
  19  1:54  SCV  
  19  1:57  Supply Depot  
  20  2:05  Marine x2  
  20  2:06  SCV  
  23  2:14  Factory  
  23  2:22  SCV  
  24  2:23  Marine x2  
  26  2:34  SCV  
  26  2:36  Refinery  
  27  2:41  Marine x2  
  29  2:46  SCV  
  30  2:56  Orbital Command  
  30  2:58  SCV  
  30  3:00  Starport  
  30  3:01  Factory Tech Lab  
  31  3:10  Marine x2  
  31  3:11  SCV  
  34  3:22  SCV  
  34  3:23  SCV  
  34  3:26  Supply Depot  
  36  3:33  Siege Tank  
  39  3:34  SCV  
  39  3:35  SCV  
  39  3:41  Medivac  
  43  3:45  Marine x2  
  43  3:46  SCV  
  43  3:48  SCV  
  47  3:50  Supply Depot  
  47  3:58  SCV  
  47  4:00  SCV  
  49  4:03  Marine x2  
  51  4:10  SCV  
  51  4:12  Supply Depot, SCV  
  53  4:21  Raven  
  53  4:23  SCV  
  56  4:24  SCV  
  57  4:33  Marine x2  
  57  4:35  SCV  
  57  4:36  SCV  
  57  4:37  Command Center  
  61  4:45  Barracks  
  61  4:47  SCV  
  61  4:48  SCV  
  61  4:49  Barracks  
  63  4:59  SCV  
  63  5:07  Engineering Bay  
  59  5:19  SCV x2  
  59  5:20  Marauder, Stimpack  
  59  5:21  Medivac x2  
  65  5:26  Bunker, Barracks  
  65  5:28  Refinery, Barracks  
  65  5:31  SCV x2  
  65  5:33  Refinery  
  65  5:35  Supply Depot  
  67  5:37  Supply Depot  
  67  5:41  Barracks Tech Lab  
  67  5:42  Barracks Reactor, Factory Reactor  
  67  5:49  Supply Depot  
  67  5:52  Marauder  
  67  5:56  SCV x2  
  70  6:00  Terran Infantry Weapons Level 1  
  70  6:01  Marauder  
  71  6:04  Orbital Command  
  71  6:08  SCV  
  71  6:17  SCV  
  72  6:23  Marauder  
  72  6:24  Marauder  
  75  6:26  Marine x3  
  75  6:27  Marine  
  75  6:30  SCV x2  
  75  6:31  SCV  
  82  6:41  Widow Mine x2  
  82  6:42  Medivac  
  82  6:43  Medivac  
  82  6:44  Marine x2  
  82  6:45  Marauder x2  
  96  6:47  Barracks Reactor  
  96  6:48  Barracks Tech Lab  
  96  6:53  Missile Turret  
  96  6:57  Missile Turret  
  96  6:59  Missile Turret  
  96  7:00  SCV x2  
  98  7:02  Combat Shields  
  98  7:04  SCV  
  98  7:06  Marauder x2  
  105  7:08  Marauder  
  105  7:10  Marine x2  
  105  7:12  SCV x2  
  109  7:17  Refinery x2  
  109  7:21  Starport, Concussive Shells  
  109  7:33  Supply Depot  
  109  7:42  Fusion Core  
  109  7:53  Engineering Bay  
  109  7:54  Terran Infantry Armor Level 1  
  109  7:55  Marine x2, Marauder x2, SCV x2  
  117  8:03  Armory  
  117  8:06  Supply Depot  
  117  8:07  Supply Depot  
  117  8:08  Supply Depot, Starport Tech Lab  
  117  8:12  Liberator  
  117  8:13  Liberator  
  117  8:15  Liberator  
  117  8:27  Marine, SCV  
  117  8:28  Marauder x2, SCV x2  
  117  8:29  Marine x2, Marauder  
  138  8:37  Supply Depot  
  138  8:40  SCV x3  
  141  8:58  SCV x3  
  141  8:59  Marauder x3  
  148  9:05  Marine  
  148  9:09  Terran Infantry Weapons Level 2  
  149  9:30  Liberator  
  149  9:33  Marine x2, Liberator x2, Terran Ship Weapons Level 1  
  149  9:47  Marine x2  
  149  9:48  Supply Depot, Marauder, SCV  
  149  9:49  Supply Depot, Advanced Ballistics  
  149  9:50  Marauder, Command Center  
  149  9:51  Supply Depot  
  165  10:08  Barracks x2  
  165  10:09  Marine x2, Barracks, SCV  
  165  10:10  Marauder x2  
  165  10:11  Marine x3  
  165  10:13  Liberator  
  175  10:16  Liberator  
  175  10:25  Liberator  
  170  10:30  Widow Mine x2  
  170  10:31  Marine x3, Marauder x3  
  189  10:38  Marine  
  189  10:49  Marine  
  188  10:56  Barracks Tech Lab x3  
  188  11:02  Marauder x3  
  189  11:12  Marine x4  
  189  11:15  Command Center  
Show
View Real Time Build Order
Export as new Build Order

Miszu Protoss 

Build Orders: 1 Gate Expand, Blink Stalkers, Zealot Archon 

Get SALT Encoding   

  12  0:01  Probe (Chrono Boost)  
  13  0:12  Probe (Chrono Boost)  
  14  0:18  Pylon  
  14  0:22  Probe (Chrono Boost)  
  15  0:36  Probe (Chrono Boost)  
  15  0:39  Gateway  
  16  0:46  Probe (Chrono Boost)  
  17  0:58  Probe (Chrono Boost)  
  18  1:08  Probe (Chrono Boost)  
  19  1:14  Nexus  
  19  1:20  Assimilator  
  19  1:28  Cybernetics Core  
  19  1:31  Probe (Chrono Boost)  
  20  1:40  Assimilator  
  20  1:42  Probe (Chrono Boost)  
  21  1:48  Pylon  
  22  1:54  Probe (Chrono Boost)  
  22  2:04  Probe (Chrono Boost)  
  22  2:06  Stalker (Chrono Boost)  
  25  2:12  Warp Gate  
  25  2:16  Probe  
  26  2:25  Probe  
  26  2:28  Probe  
  28  2:32  Stalker (Chrono Boost)  
  30  2:40  Probe  
  30  2:41  Mothership Core  
  33  2:47  Pylon  
  33  2:50  Probe  
  35  2:58  Stalker (Chrono Boost)  
  35  3:01  Probe  
  35  3:02  Probe  
  37  3:12  Probe  
  37  3:14  Twilight Council  
  37  3:17  Probe  
  39  3:22  Probe  
  40  3:29  Probe  
  40  3:33  Robotics Facility, Probe  
  41  3:38  Pylon  
  42  3:41  Probe  
  42  3:43  Blink (Chrono Boost), Probe  
  44  3:53  Probe  
  44  3:54  Probe  
  46  4:06  Gateway, Probe  
  46  4:07  Gateway  
  47  4:11  Probe  
  47  4:12  Assimilator  
  47  4:13  Assimilator  
  48  4:18  Probe  
  48  4:20  Observer (Chrono Boost)  
  48  4:23  Probe  
  51  4:30  Probe  
  51  4:31  Stalker  
  54  4:35  Probe  
  55  4:39  Observer (Chrono Boost), Pylon  
  55  4:42  Probe  
  57  4:47  Probe  
  58  4:53  Nexus  
  58  4:56  Pylon  
  58  4:58  Observer (Chrono Boost)  
  59  5:01  Stalker  
  61  5:14  Stalker  
  61  5:15  Stalker, Probe  
  61  5:19  Probe  
  67  5:27  Probe  
  68  5:29  Charge  
  68  5:30  Stalker  
  68  5:33  Pylon  
  68  5:35  Pylon  
  70  5:48  Forge  
  70  5:49  Forge  
  70  5:51  Probe x2  
  70  5:52  Immortal (Chrono Boost)  
  70  5:53  Pylon  
  70  5:56  Zealot  
  78  5:57  Sentry x2  
  78  6:03  Probe x2  
  84  6:09  Probe  
  85  6:15  Probe x2  
  87  6:20  Probe  
  86  6:38  Zealot x2  
  86  6:39  Zealot  
  90  6:40  Immortal (Chrono Boost)  
  90  6:42  Protoss Ground Armor Level 1 (Chrono Boost)  
  90  6:46  Protoss Ground Weapons Level 1 (Chrono Boost)  
  94  6:47  Probe  
  94  6:48  Probe  
  94  6:51  Gateway  
  94  6:53  Gateway  
  96  6:54  Gateway  
  96  6:55  Templar Archives  
  96  6:57  Probe  
  96  6:59  Probe  
  98  7:02  Pylon  
  98  7:04  Pylon  
  98  7:18  Immortal  
  102  7:26  Gateway  
  102  7:27  Gateway  
  102  7:28  Pylon  
  102  7:30  Psionic Storm  
  102  7:31  Assimilator  
  102  7:32  Assimilator  
  102  7:34  High Templar  
  104  7:37  High Templar  
  104  7:38  Zealot  
  104  7:40  Pylon  
  108  7:53  Archon  
  108  7:57  Immortal  
  112  8:05  High Templar  
  114  8:15  Zealot x2  
  114  8:31  Zealot x3  
  114  8:34  Pylon  
  122  8:35  Pylon x2  
  122  8:37  Observer  
  122  8:38  Zealot x2  
  122  8:39  Zealot x2  
  129  8:46  High Templar  
  131  8:58  Observer  
  131  9:02  Zealot x3  
  137  9:10  Pylon  
  137  9:16  Templar Archives  
  136  9:19  Forge  
  136  9:22  Zealot  
  133  9:24  Zealot x4  
  133  9:25  Forge  
  133  9:29  Pylon  
  133  9:30  Pylon  
  139  9:33  Pylon  
  137  9:47  Pylon  
  137  9:51  Pylon  
  137  9:56  Nexus  
  137  9:57  Stargate  
  137  9:58  High Templar x4  
  137  9:59  Stargate x2  
  145  10:03  Photon Cannon  
  145  10:04  Photon Cannon  
  145  10:05  High Templar  
  145  10:06  Photon Cannon, Zealot x3  
  153  10:07  Probe x2  
  153  10:09  Probe, Photon Cannon  
  156  10:16  Assimilator  
  156  10:20  Assimilator  
  156  10:22  Pylon  
  156  10:24  Pylon  
  148  10:37  High Templar x3  
  146  10:50  Void Ray (Chrono Boost)  
  146  10:51  Void Ray (Chrono Boost)  
  146  10:52  Zealot x5  
  160  11:12  Void Ray (Chrono Boost)  
  160  11:14  Zealot x2  
  168  11:28  Probe x4  
  176  11:37  Fleet Beacon  
Tags
 
Add a new tag
Caveats
  • Supply blocks, unpowered buildings, or Contaminate may cause inaccurate times.
  • Supply counts are checked every 10 seconds.